 Dungeon Crawl Stone Soup version 0.26-a0-651-gb41185065b (webtiles) character file.

Game seed: 4340806290834884537

116 Ozzies the Sneak (level 4, -9/21 HPs)
             Began as a Spriggan Enchanter on Oct 9, 2020.
             Killed from afar by an orc wizard (10 damage)
             ... with a magic dart
             ... on level 3 of the Dungeon.
             The game lasted 00:06:46 (3592 turns).

Ozzies the Sneak (Spriggan Enchanter)               Turns: 3592, Time: 00:06:46

Health: -9/21      AC:  2    Str:  5    XL:     4   Next: 70%
Magic:  3/9        EV: 19    Int: 16    God:
Gold:   96         SH:  0    Dex: 16    Spells: 6/9 levels left

rFire    . . .     SeeInvis +   a - +1 dagger
rCold    . . .     Faith    .   (shield restricted)
rNeg     . . .     Spirit   .   b - +0 robe
rPois    .         Reflect  .   (helmet restricted)
rElec    .         Harm     .   (no cloak)
rCorr    .         Rampage  .   (gloves unavailable)
MR       .....                  (boots unavailable)
Stlth    +++.......             (no amulet)
HPRegen  0.07/turn              (no ring)
MPRegen  0.11/turn              (no ring)

@: very quick
A: very small, unfitting armour, see invisible, speed 3
a: no special abilities


You were on level 3 of the Dungeon.
You visited 1 branch of the dungeon, and saw 3 of its levels.

You collected 96 gold pieces.

Inventory:

Hand Weapons
 a - a +1 dagger (weapon)
Missiles
 i - 81 stones (quivered)
Armour
 b - a +0 robe (worn)
Scrolls
 c - a scroll of immolation {unknown}
 d - a scroll of teleportation {unknown}
 h - 2 scrolls of enchant weapon {unknown}
 j - 5 scrolls of remove curse {unknown}
 m - a scroll of enchant armour {unknown}
 n - a scroll of identify {unknown}
 o - a scroll of fog {unknown}
Potions
 e - a potion of curing {unknown}
 f - a potion of mutation {unknown}
 g - 3 potions of flight {unknown}
 k - a potion of stabbing {unknown}
 l - a potion of cancellation {unknown}


   Skills:
 + Level 0.7 Fighting
 + Level 1.7 Short Blades
 + Level 3.6 Dodging
 * Level 6.7 Stealth
 - Level 3.0 Spellcasting
 + Level 4.0 Hexes
 + Level 0.6 Ice Magic


You had 6 spell levels left.
You knew the following spells:

 Your Spells              Type           Power        Failure   Level
a - Corona                Hex            ###....      3%          1
b - Ensorcelled Hibernat  Hex/Ice        #.....       11%         2

Your spell library contained the following spells:

 Spells                   Type           Power        Failure   Level
 Confusing Touch          Hex            ###.....     11%         3
 Tukima's Dance           Hex            ###.....     11%         3
 Dazzling Flash           Conj/Hex       #.....       24%         3


Dungeon Overview and Level Annotations

Branches:
Dungeon (3/15)

Altars:
Nemelex Xobeh


Innate Abilities, Weirdness & Mutations

You are very small and have problems with some larger weapons.
You are too small for most types of armour.
You have supernaturally acute eyesight. (SInv)
You cover ground extremely quickly.


Message History

Casting: Ensorcelled Hibernation (safe; 11% risk of failure)
Confirm with . or Enter, or press ? or * to list all spells.
Aiming: Ensorcelled Hibernation (safe; 11% risk of failure)
Press: ? - help, Shift-Dir - straight line, f - orc wizard
Aim: an orc wizard, wielding a +0 dagger and wearing a +0 robe (fast, chance to defeat MR: 40%)
The orc wizard resists with some effort.
The orc wizard misses you.
You hit the orc wizard.
The orc wizard is lightly wounded.
The orc wizard gestures wildly while chanting.
The orc wizard blinks!
You hit the orc but do no damage. The orc wizard completely misses you.
The orc barely misses you.
You hit the orc wizard but do no damage.
The orc wizard is lightly wounded.
The orc wizard misses you.
The orc wizard gestures wildly while chanting.
The orc wizard blinks!
The orc wizard mumbles some strange words.
The orc wizard blinks!
You hit the orc but do no damage. The orc completely misses you.
You hit the orc.
The orc is heavily wounded.
The orc wizard is no longer moving quickly.
The orc hits you but does no damage.
You hit the orc but do no damage.
The orc is heavily wounded.
The orc wizard gestures wildly while chanting.
The orc wizard seems to speed up.
The orc hits you but does no damage.
You barely miss the orc.
The orc is heavily wounded.
The orc wizard gestures wildly while chanting.
The orc wizard blinks!
You hit the orc but do no damage.
The orc is heavily wounded.
The orc misses you.
You hit the orc but do no damage.
The orc is moderately wounded.
The orc completely misses you.
You hit the orc but do no damage.
The orc is moderately wounded.
The orc closely misses you.
You barely miss the orc.
The orc is moderately wounded.
The orc misses you.
You hit the orc but do no damage.
The orc is moderately wounded.
You hit the orc wizard.
The orc wizard is moderately wounded.
The orc wizard hits you but does no damage.
Casting: Ensorcelled Hibernation (safe; 11% risk of failure)
Confirm with . or Enter, or press ? or * to list all spells.
You don't have enough magic to cast that spell.
Unknown command.
You barely miss the orc wizard.
The orc wizard is moderately wounded.
The orc wizard closely misses you.
You hit the orc wizard.
The orc wizard is moderately wounded.
The orc wizard closely misses you.
The orc wizard mumbles some strange words.
The orc wizard blinks!
The orc misses you. The orc hits you with a +0 hand axe.
The orc wizard casts a spell.
The orc wizard blinks!
The orc wizard casts a spell.
The orc wizard blinks!
The orc barely misses you.
You hit the orc.
The orc is heavily wounded.
You hit the orc but do no damage.
The orc is heavily wounded.
The orc closely misses you.
You hit the orc but do no damage.
The orc is heavily wounded.
The orc barely misses you.
You closely miss the orc.
The orc is heavily wounded.
The orc hits you with a +0 hand axe.
You hit the orc but do no damage.
The orc is heavily wounded.
You hit the orc wizard but do no damage.
The orc wizard is moderately wounded.
The orc wizard misses you.
You completely miss the orc wizard.
The orc wizard is moderately wounded.
The orc wizard casts a spell at you. The magic dart hits you.
* * * LOW HITPOINT WARNING * * *
The orc wizard points at you and mumbles some strange words.
You easily resist.
The orc wizard mumbles some strange words.
The orc wizard blinks!
The orc wizard hits you with a +0 dagger.
* * * LOW HITPOINT WARNING * * *
The orc wizard gestures wildly while chanting.
The orc wizard blinks!
The orc wizard casts a spell at you. The magic dart hits you!
You die...

.#.............#.........##.#.#.#
................####.....+..#.#.#
......#.....##...........####.#.#
.##############.####.....####.#.#
. #.####..o.......#.#
#.##...#)########.#
##......#.#......#.#
#...#...#o##.....#.#
#.#@#..o......####.#
#.#...ยง.#.##.##.....
.###.#o......##)##.#.##
...........#.##....#...
.........##.......#####
.........##.......#
.....###.##.......# .....
#..#........ ..... ##.#........#


You could see an orc wizard (fast).

Vanquished Creatures
  An orc priest (D:3)
  An ufetubus (D:2)
  2 oozes
  An adder skeleton (D:3)
  2 worms
  4 leopard geckos
  3 orcs
  A ball python (D:2)
  5 giant cockroaches
  4 goblins
  9 hobgoblins
  6 kobolds
  8 bats
  5 frilled lizards
  3 rats (D:1)
55 creatures vanquished.

Vanquished Creatures (others)
  3 plants (D:2)
  3 toadstools (D:3)
6 creatures vanquished.

Grand Total: 61 creatures vanquished

Notes
Turn   | Place    | Note
-------+----------+-------------------------------------------
     0 | D:1      | Ozzies the Spriggan Enchanter began the quest for the Orb.
     0 | D:1      | Reached XP level 1. HP: 9/9 MP: 5/5
   188 | D:1      | Reached skill level 5 in Stealth
   467 | D:1      | Reached XP level 2. HP: 11/13 MP: 6/6
   471 | D:1      | Learned a level 2 spell: Ensorcelled Hibernation
  1166 | D:2      | Reached skill level 6 in Stealth
  1744 | D:2      | Reached XP level 3. HP: 14/16 MP: 1/8
  2214 | D:2      | Found a sparkling altar of Nemelex Xobeh.
  3290 | D:3      | Reached XP level 4. HP: 21/21 MP: 9/9
  3589 | D:3      | HP: 1/21 [orc wizard/+0 dagger (3)]
  3592 | D:3      | Killed from afar by an orc wizard

Illustrated notes

Levels and vault maps discovered:
D:1:      heliophobic_arrival_henge, layout_basic
D:2:      layout_loops_cross, mrwooster_statue_mirror, serial_bayou_pond_a,
          nemelex_dance_club_becter
D:3:      layout_basic, minmay_gold_behind_fungi, fedhas_ov_isle_minmay

Skill      XL: |  1  2  3  4 |
---------------+-------------+-----
Stealth        | 5 6 |  6.7
Spellcasting   | 3 |  3.0
Hexes          | 4 |  4.0
Fighting       | |  0.7
Short Blades   | |  1.7
Dodging        | |  3.6
Ice Magic      | |  0.6

Action                   |  1- 3 |  4- 6 || total
-------------------------+-------+-------++-------
Melee: Dagger            |   141 |    53 ||   194
 Cast: Corona            |     7 |       ||     7
       Ensorcelled Hiber |    31 |     9 ||    40
 Stab: Sleeping          |    28 |     8 ||    36
Armor: Robe              |    26 |     2 ||    28
Dodge: Dodged            |   155 |    37 ||   192

Table legend: (Time is in decaauts)
 A = Elapsed time spent in this place.
 B = Non-inter-level travel time spent in this place.
 C = Inter-level travel time spent in this place.
 D = Time resting spent in this place.
 E = Time spent auto-exploring this place.
 F = Levels seen in this place.
 G = Mean time per level.
                   A        B        C        D        E       F      G
               +--------+--------+--------+--------+--------+-----+--------+
         Total |   2923 |   2885 |     38 |    148 |   2192 |   3 |  974.3 |
       Dungeon |   2923 |   2885 |     38 |    148 |   2192 |   3 |  974.3 |
               +--------+--------+--------+--------+--------+-----+--------+

Top non-repeatable levels by time:
     D:2: 1841 daAuts
     D:1: 849 daAuts
     D:3: 232 daAuts
